| TOP OF THE 1ST |
|
Chicago White Sox batting - Pitching for Kansas City Royals : RHP Jimmy Silveira IV
|
|
Pitching: RHP Jimmy Silveira IV
|
|
|
Batting: SHB Dan Lash
|
0-0: Ball 1-0: Ball 2-0: Fly out, F7 (Flyball, 7S, EV 91.9 MPH)
|
|
Batting: LHB Antonio Figueroa
|
0-0: Ball 1-0: Called Strike 1-1: Ball 2-1: Ball 3-1: SINGLE (Groundball, 34D, EV 101.9 MPH)
|
|
Batting: LHB Randy Rosenberry
|
0-0: Called Strike 0-1: Foul Ball, location: 2F 0-2: Ball 1-2: Foul Ball, location: 2F 1-2: Ball 2-2: SINGLE (Line Drive, 78S, EV 100.6 MPH) Antonio Figueroa to second
|
|
Batting: SHB Cesar Herrera
|
0-0: Ball 1-0: Ball 2-0: Called Strike 2-1: Foul Ball, location: 2F 2-2: Foul Ball, location: 2F 2-2: Ball 3-2: Base on Balls Antonio Figueroa to third Randy Rosenberry to second
|
|
Batting: LHB Jack Christie
|
0-0: Called Strike 0-1: SINGLE (Line Drive, 34D, EV 95.0 MPH) Antonio Figueroa scores Randy Rosenberry to third Cesar Herrera to second
|
|
Batting: LHB Brian Feher
|
0-0: Ball 1-0: Ball 2-0: Foul Ball, location: 2F 2-1: Foul Ball, location: 2F 2-2: Foul Ball, location: 2F 2-2: Foul Ball, location: 2F 2-2: SINGLE (Line Drive, 4MD, EV 96.3 MPH) Randy Rosenberry scores Cesar Herrera to third Jack Christie to second Runner from 3rd tries for Home, SAFE, throw by CF to home
|
|
Batting: LHB Juan Concepcion
|
0-0: Called Strike 0-1: Grounds into double play, 4-6-3 (Groundball, 4, EV 105.6 MPH)
|
| Top of the 1st over - 3 runs, 4 hits, 0 errors, 1 left on base; Chicago 3 - Kansas City 0 |
| BOTTOM OF THE 1ST |
|
Kansas City Royals batting - Pitching for Chicago White Sox : LHP Jaden Asante
|
|
Pitching: LHP Jaden Asante
|
|
|
Batting: RHB Mike Jaquez
|
0-0: Ball 1-0: Ball 2-0: Foul Ball, location: 2F 2-1: Foul Ball, location: 2F 2-2: Ball 3-2: Strikes out looking
|
|
Batting: RHB Aaron Matthews
|
0-0: Ground out 6-3 (Groundball, 56, EV 83.1 MPH)
|
|
Batting: LHB Mike Meyerhoff
|
0-0: Swinging Strike 0-1: Ball 1-1: Hit by Pitch
|
|
Batting: SHB Gil Switzer
|
0-0: Swinging Strike 0-1: Ball 1-1: Foul Ball, location: 2F 1-2: Ball 2-2: SINGLE (Line Drive, 7LS, EV 91.9 MPH) Mike Meyerhoff to second
|
|
Batting: RHB Adam Martin
|
0-0: Foul Ball, location: 2F 0-1: Ball 1-1: Swinging Strike 1-2: Foul Ball, location: 2F 1-2: Ground out 1-3 (Groundball, 23, EV 62.5 MPH)
|
| Bottom of the 1st over - 0 runs, 1 hit, 0 errors, 2 left on base; Chicago 3 - Kansas City 0 |
| TOP OF THE 2ND |
|
Chicago White Sox batting - Pitching for Kansas City Royals : RHP Jimmy Silveira IV
|
|
Batting: RHB Steve Castleberry
|
0-0: Called Strike 0-1: Called Strike 0-2: Strikes out swinging
|
|
Batting: RHB Leo Navarro
|
0-0: Called Strike 0-1: Ball 1-1: Ball 2-1: Fly out, F4 (Line Drive, 4, EV 71.3 MPH)
|
|
Batting: SHB Dan Lash
|
0-0: Ball 1-0: Swinging Strike 1-1: Fly out, F2 (Popup, 2RF, EV 89.4 MPH)
|
| Top of the 2nd over - 0 runs, 0 hits, 0 errors, 0 left on base; Chicago 3 - Kansas City 0 |
| BOTTOM OF THE 2ND |
|
Kansas City Royals batting - Pitching for Chicago White Sox : LHP Jaden Asante
|
|
Batting: RHB Imbart Faber
|
0-0: Ball 1-0: SINGLE (Line Drive, 8RS, EV 106.3 MPH)
|
|
Batting: RHB Alberto Rosales
|
0-0: Fly out, F9 (Flyball, 89S, EV 95.6 MPH)
|
|
Batting: RHB Avery Maxwell
|
0-0: Ball 1-0: Ball 2-0: Ground out 6-3 (Groundball, P, EV 94.4 MPH) Imbart Faber to second
|
|
Batting: LHB Zion Davidson
|
0-0: Ball 1-0: SINGLE (Groundball, 4MD, EV 107.5 MPH) Imbart Faber to third Runner from 3rd tries for Home, throw by CF and OUT! 8-2
|
| Bottom of the 2nd over - 0 runs, 2 hits, 0 errors, 1 left on base; Chicago 3 - Kansas City 0 |
| TOP OF THE 3RD |
|
Chicago White Sox batting - Pitching for Kansas City Royals : RHP Jimmy Silveira IV
|
|
Batting: LHB Antonio Figueroa
|
0-0: Ball 1-0: Foul Ball, location: 2F 1-1: Ball 2-1: Ball 3-1: Base on Balls
|
|
Batting: LHB Randy Rosenberry
|
0-0: Called Strike 0-1: Ball 1-1: Ball 2-1: SINGLE (Line Drive, 8LS, EV 94.4 MPH) Antonio Figueroa to second Runner from 2nd tries for 3rd, OUT! 8-5
|
|
Batting: SHB Cesar Herrera
|
0-0: Ball 1-0: Swinging Strike Randy Rosenberry steals 2nd base (no throw) 1-1: Ball 2-1: Ball 3-1: Base on Balls
|
|
Batting: LHB Jack Christie
|
0-0: Called Strike Randy Rosenberry steals 3rd base Cesar Herrera to second 0-1: Fly out, F5 (Popup, 5DF, EV 62.5 MPH)
|
|
Batting: LHB Brian Feher
|
0-0: Ball 1-0: Ball 2-0: Called Strike 2-1: Ball 3-1: Base on Balls
|
|
Batting: LHB Juan Concepcion
|
0-0: Foul Ball, location: 2F 0-1: Ball 1-1: Ball 2-1: Swinging Strike 2-2: Hit by Pitch Randy Rosenberry scores Cesar Herrera to third Brian Feher to second
|
|
Batting: RHB Steve Castleberry
|
0-0: Fly out, F8 (Flyball, 8LM, EV 91.3 MPH)
|
| Top of the 3rd over - 1 run, 1 hit, 0 errors, 3 left on base; Chicago 4 - Kansas City 0 |
| BOTTOM OF THE 3RD |
|
Kansas City Royals batting - Pitching for Chicago White Sox : LHP Jaden Asante
|
|
Batting: RHB Mike Jaquez
|
0-0: Called Strike 0-1: Fly out, F7 (Line Drive, 7, EV 97.5 MPH)
|
|
Batting: RHB Aaron Matthews
|
0-0: Ball 1-0: Ball 2-0: Ball 3-0: Called Strike 3-1: Base on Balls
|
|
Batting: LHB Mike Meyerhoff
|
0-0: Called Strike 0-1: Ball 1-1: Ball 2-1: Ball 3-1: Grounds into double play, 6-4-3 (Groundball, 6, EV 84.4 MPH)
|
| Bottom of the 3rd over - 0 runs, 0 hits, 0 errors, 0 left on base; Chicago 4 - Kansas City 0 |
| TOP OF THE 4TH |
|
Chicago White Sox batting - Pitching for Kansas City Royals : RHP Jimmy Silveira IV
|
|
Batting: RHB Leo Navarro
|
0-0: Ball 1-0: Foul Ball, location: 2F 1-1: SINGLE (Groundball, 56D, EV 109.4 MPH)
|
|
Batting: SHB Dan Lash
|
0-0: Called Strike 0-1: DOUBLE (Groundball, 3L, EV 104.4 MPH) Leo Navarro to third
|
|
Batting: LHB Antonio Figueroa
|
0-0: Ball 1-0: Ball 2-0: Called Strike 2-1: Ball 3-1: Base on Balls
|
|
Batting: LHB Randy Rosenberry
|
0-0: Called Strike 0-1: Ball 1-1: Called Strike 1-2: Ball 2-2: Foul Ball, location: 2F 2-2: Strikes out swinging
|
|
Batting: SHB Cesar Herrera
|
0-0: Ball 1-0: Ball 2-0: Fielders Choice at 2nd, 6-4 (Groundball, 6M, EV 91.3 MPH) Leo Navarro scores Dan Lash to third
|
|
Pitching: RHP Chris Irvin
|
|
|
Batting: LHB Jack Christie
|
0-0: Ball 1-0: Called Strike 1-1: Swinging Strike 1-2: Foul Ball, location: 2F 1-2: Foul Ball, location: 2F 1-2: Ball 2-2: Strikes out swinging
|
| Top of the 4th over - 1 run, 2 hits, 0 errors, 2 left on base; Chicago 5 - Kansas City 0 |
| BOTTOM OF THE 4TH |
|
Kansas City Royals batting - Pitching for Chicago White Sox : LHP Jaden Asante
|
|
Batting: SHB Gil Switzer
|
0-0: Fly out, F7 (Flyball, 7LS, EV 89.4 MPH)
|
|
Batting: RHB Adam Martin
|
0-0: Ball 1-0: Ball 2-0: Foul Ball, location: 2F 2-1: Ball 3-1: Foul Ball, location: 2F 3-2: SINGLE (Flyball, 78S, EV 98.8 MPH)
|
|
Batting: RHB Imbart Faber
|
0-0: Called Strike 0-1: Called Strike 0-2: SINGLE (Popup, 6D, EV 50.6 MPH) Adam Martin to second
|
|
Batting: RHB Alberto Rosales
|
0-0: Ball 1-0: Swinging Strike 1-1: Ball 2-1: Foul Ball, location: 2F 2-2: Foul Ball, location: 2F 2-2: Foul Ball, location: 2F 2-2: Strikes out swinging
|
|
Batting: RHB Avery Maxwell
|
0-0: Ball 1-0: Ball 2-0: Ball 3-0: Called Strike 3-1: Foul Ball, location: 2F 3-2: Ground out 6-3 (Groundball, 6, EV 75.0 MPH)
|
| Bottom of the 4th over - 0 runs, 2 hits, 0 errors, 2 left on base; Chicago 5 - Kansas City 0 |
| TOP OF THE 5TH |
|
Chicago White Sox batting - Pitching for Kansas City Royals : RHP Chris Irvin
|
|
Batting: LHB Brian Feher
|
0-0: Ground out U3 (Groundball, 34S, EV 85.0 MPH)
|
|
Batting: LHB Juan Concepcion
|
0-0: DOUBLE (Groundball, 3L, EV 108.8 MPH)
|
|
Batting: RHB Steve Castleberry
|
0-0: Ball 1-0: Called Strike 1-1: Ball 2-1: Fly out, F7 (Line Drive, 7, EV 86.9 MPH)
|
|
Batting: RHB Leo Navarro
|
0-0: Ball 1-0: Called Strike 1-1: Foul Ball, location: 2F 1-2: Ground out 6-3 (Groundball, 6, EV 83.1 MPH)
|
| Top of the 5th over - 0 runs, 1 hit, 0 errors, 1 left on base; Chicago 5 - Kansas City 0 |
| BOTTOM OF THE 5TH |
|
Kansas City Royals batting - Pitching for Chicago White Sox : LHP Jaden Asante
|
|
Batting: LHB Zion Davidson
|
0-0: Called Strike 0-1: Foul Ball, location: 2F 0-2: Ball 1-2: DOUBLE (Flyball, 8LXD, EV 86.9 MPH)
|
|
Batting: RHB Mike Jaquez
|
0-0: Ball 1-0: Called Strike 1-1: Called Strike 1-2: Foul Ball, location: 2F 1-2: Foul Ball, location: 2F 1-2: Strikes out swinging
|
|
Batting: RHB Aaron Matthews
|
0-0: Called Strike 0-1: Ball 1-1: Fly out, F7 (Line Drive, 7D, EV 93.8 MPH)
|
|
Batting: LHB Mike Meyerhoff
|
0-0: Foul Ball, location: 2F 0-1: Called Strike 0-2: Ball 1-2: Ball 2-2: Ground out 1-3 (Groundball, 15S, EV 75.0 MPH)
|
| Bottom of the 5th over - 0 runs, 1 hit, 0 errors, 1 left on base; Chicago 5 - Kansas City 0 |
| TOP OF THE 6TH |
|
Chicago White Sox batting - Pitching for Kansas City Royals : RHP Chris Irvin
|
|
Batting: SHB Dan Lash
|
0-0: DOUBLE (Line Drive, 9LM, EV 108.8 MPH)
|
|
Batting: LHB Antonio Figueroa
|
0-0: Called Strike 0-1: Ball 1-1: Foul Ball, location: 2F 1-2: Ball 2-2: SINGLE (Groundball, 4D, EV 106.3 MPH) Dan Lash to third
|
|
Batting: LHB Randy Rosenberry
|
0-0: Ball 1-0: DOUBLE (Line Drive, 9D, EV 95.6 MPH) Dan Lash scores Antonio Figueroa to third
|
|
Batting: SHB Cesar Herrera
|
0-0: Ball 1-0: Foul Ball, location: 2F 1-1: Swinging Strike 1-2: Strikes out swinging
|
|
Batting: LHB Jack Christie
|
0-0: Ball 1-0: Foul Ball, location: 2F 1-1: Ball 2-1: Foul Ball, location: 2F 2-2: Reached on error, E4 (Groundball, 13, EV 84.4 MPH) Antonio Figueroa scores Randy Rosenberry to third
|
|
Pitching: LHP John Hall
|
|
|
Batting: LHB Brian Feher
|
0-0: Called Strike 0-1: SINGLE (Line Drive, 8LS, EV 95.6 MPH) Randy Rosenberry scores Jack Christie to second
|
|
Batting: LHB Juan Concepcion
|
0-0: Called Strike 0-1: Ball 1-1: Fielders Choice at 2nd, 4-6 (Groundball, 4, EV 81.9 MPH) Jack Christie to third
|
|
Batting: RHB Steve Castleberry
|
0-0: Ball 1-0: Foul Ball, location: 2F 1-1: Fly out, F4 (Flyball, 4D, EV 91.9 MPH)
|
| Top of the 6th over - 3 runs, 4 hits, 1 error, 2 left on base; Chicago 8 - Kansas City 0 |
| BOTTOM OF THE 6TH |
|
Kansas City Royals batting - Pitching for Chicago White Sox : LHP Jaden Asante
|
|
Batting: SHB Gil Switzer
|
0-0: Ball 1-0: Swinging Strike 1-1: Fly out, F7 (Line Drive, 7, EV 100.0 MPH)
|
|
Batting: RHB Adam Martin
|
0-0: Ball 1-0: SINGLE (Line Drive, 8RS, EV 106.9 MPH)
|
|
Batting: RHB Imbart Faber
|
0-0: Ball 1-0: Called Strike 1-1: Foul Ball, location: 2F 1-2: Ball 2-2: Foul Ball, location: 2F 2-2: SINGLE (Flyball, 89S, EV 84.4 MPH) Adam Martin to second
|
|
Batting: RHB Alberto Rosales
|
0-0: Ball 1-0: Called Strike 1-1: Ball 2-1: Grounds into double play, 4-6-3 (Groundball, 4M, EV 77.5 MPH)
|
| Bottom of the 6th over - 0 runs, 2 hits, 0 errors, 1 left on base; Chicago 8 - Kansas City 0 |
| TOP OF THE 7TH |
|
Chicago White Sox batting - Pitching for Kansas City Royals : LHP John Hall
|
|
Batting: RHB Leo Navarro
|
0-0: Swinging Strike 0-1: Ball 1-1: Ball 2-1: Foul Ball, location: 2F 2-2: Ball 3-2: Foul Ball, location: 2F 3-2: Fly out, F8 (Flyball, 8RD, EV 92.5 MPH)
|
|
Batting: SHB Dan Lash
|
0-0: Ground out 6-3 (Groundball, 6, EV 90.0 MPH)
|
|
Batting: LHB Antonio Figueroa
|
0-0: Ball 1-0: SINGLE (Line Drive, 6M, EV 96.9 MPH)
|
|
Batting: LHB Randy Rosenberry
|
0-0: Swinging Strike 0-1: Ball 1-1: Ball Antonio Figueroa steals 2nd base 2-1: Fly out, F9 (Flyball, 89D, EV 95.0 MPH)
|
| Top of the 7th over - 0 runs, 1 hit, 0 errors, 1 left on base; Chicago 8 - Kansas City 0 |
| BOTTOM OF THE 7TH |
|
Kansas City Royals batting - Pitching for Chicago White Sox : LHP Jaden Asante
|
|
Batting: RHB Avery Maxwell
|
0-0: Foul Ball, location: 2F 0-1: Ball 1-1: SINGLE (Groundball, 6, EV 98.8 MPH)
|
|
Batting: LHB Zion Davidson
|
0-0: Ball 1-0: Ball 2-0: Called Strike 2-1: SINGLE (Groundball, 3D, EV 104.4 MPH) Avery Maxwell to second
|
|
Pitching: RHP Jimmy Seager
|
|
|
Batting: LHB Manny Estrada
|
0-0: Swinging Strike 0-1: Fly out, F8 (Flyball, 8LD, EV 104.4 MPH)
|
|
Batting: RHB Aaron Matthews
|
0-0: Fly out, F8 (Line Drive, 8RM, EV 103.1 MPH)
|
|
Batting: LHB Mike Meyerhoff
|
0-0: Ball 1-0: Foul Ball, location: 2F 1-1: Swinging Strike 1-2: Ball 2-2: Foul Ball, location: 2F 2-2: Ball 3-2: Foul Ball, location: 2F 3-2: Foul Ball, location: 2F 3-2: Ground out U3 (Groundball, 3S, EV 93.8 MPH)
|
| Bottom of the 7th over - 0 runs, 2 hits, 0 errors, 2 left on base; Chicago 8 - Kansas City 0 |
| TOP OF THE 8TH |
|
Chicago White Sox batting - Pitching for Kansas City Royals : LHP John Hall
|
|
Batting: SHB Cesar Herrera
|
0-0: Ball 1-0: Ground out 5-3 (Groundball, 56S, EV 88.1 MPH)
|
|
Batting: LHB Jack Christie
|
0-0: Called Strike 0-1: Foul Ball, location: 2F 0-2: Strikes out swinging
|
|
Batting: LHB Brian Feher
|
0-0: Ball 1-0: Ball 2-0: Ball 3-0: Called Strike 3-1: Base on Balls
|
|
Batting: LHB Juan Concepcion
|
0-0: Called Strike 0-1: Called Strike 0-2: Strikes out swinging
|
| Top of the 8th over - 0 runs, 0 hits, 0 errors, 1 left on base; Chicago 8 - Kansas City 0 |
| BOTTOM OF THE 8TH |
|
Kansas City Royals batting - Pitching for Chicago White Sox : RHP Jimmy Seager
|
|
Batting: SHB Gil Switzer
|
0-0: Ball 1-0: SINGLE (Groundball, 5, EV 101.9 MPH) (infield hit)
|
|
Batting: RHB Adam Martin
|
0-0: Ball 1-0: Called Strike 1-1: Called Strike 1-2: Ball 2-2: Foul Ball, location: 2F 2-2: Ball 3-2: Foul Ball, location: 2F 3-2: Strikes out swinging
|
|
Pitching: LHP Ryan Daidone
|
|
|
Batting: RHB Imbart Faber
|
0-0: Called Strike 0-1: Ball 1-1: Ball 2-1: Fielders Choice at 2nd, 5-4 (Groundball, 56, EV 80.0 MPH)
|
|
Batting: RHB Alberto Rosales
|
0-0: Foul Ball, location: 2F 0-1: Called Strike 0-2: Ball 1-2: Foul Ball, location: 2F 1-2: Ground out U3 (Groundball, 34, EV 103.8 MPH)
|
| Bottom of the 8th over - 0 runs, 1 hit, 0 errors, 1 left on base; Chicago 8 - Kansas City 0 |
| TOP OF THE 9TH |
|
Chicago White Sox batting - Pitching for Kansas City Royals : LHP John Hall
|
|
Pitching: RHP Rob Penton
|
|
|
Batting: RHB Steve Castleberry
|
0-0: Ground out 6-3 (Groundball, 6, EV 101.9 MPH)
|
|
Batting: RHB Leo Navarro
|
0-0: Called Strike 0-1: Called Strike 0-2: SINGLE (Groundball, P, EV 83.8 MPH) (infield hit)
|
|
Batting: SHB Dan Lash
|
0-0: Ball 1-0: Foul Ball, location: 2F 1-1: Ball 2-1: Ball 3-1: Grounds into double play, 3-6-3 (Groundball, 3, EV 85.0 MPH)
|
| Top of the 9th over - 0 runs, 1 hit, 0 errors, 0 left on base; Chicago 8 - Kansas City 0 |
| BOTTOM OF THE 9TH |
|
Kansas City Royals batting - Pitching for Chicago White Sox : LHP Ryan Daidone
|
|
Batting: RHB Avery Maxwell
|
0-0: Ball 1-0: Ground out 6-3 (Groundball, 6, EV 86.3 MPH)
|
|
Pinch Hitting: SHB Tony Prado
|
0-0: Ball 1-0: Ball 2-0: Foul Ball, location: 2F 2-1: Ball 3-1: Foul Ball, location: 2F 3-2: SINGLE (Flyball, 6D, EV 84.4 MPH)
|
|
Pitching: RHP Gerbrand van de Bilt
|
|
|
Batting: LHB Manny Estrada
|
0-0: Foul Ball, location: 2F 0-1: Swinging Strike 0-2: Foul Ball, location: 2F 0-2: Foul Ball, location: 2F 0-2: Ball 1-2: Ball 2-2: Strikes out swinging
|
|
Batting: RHB Aaron Matthews
|
0-0: Called Strike 0-1: Ball 1-1: Foul Ball, location: 2F 1-2: Ball 2-2: Fly out, F7 (Flyball, 7D, EV 106.3 MPH)
|
| Bottom of the 9th over - 0 runs, 1 hit, 0 errors, 1 left on base; Chicago 8 - Kansas City 0 |
|